 Dungeon Crawl Stone Soup version 0.16-a0-1348-g01787a8 (webtiles) character file.

886 Psiweapon the Cudgeler (level 8, -8/79 HPs)
             Began as an Ogre Hunter on Oct 18, 2014.
             Was a Follower of Qazlal.
             Killed by divine providence
             ... invoked by an orc priest
              (14 damage)
             ... on level 5 of the Dungeon.
             The game lasted 00:24:42 (5275 turns).

Psiweapon the Cudgeler (Ogre Hunter)                Turns: 5275, Time: 00:24:42

Health: -8/79      AC:  6    Str: 17 (18) XL:     8   Next: 5%
Magic:  10/10      EV: 11    Int: 10      God:    Qazlal [*.....]
Gold:   72         SH:  1    Dex: 12      Spells: 0 memorised, 7 levels left

rFire  + . .     SeeInvis .     a - +6 giant spiked club
rCold  + . .     Clarity  .     B - +2 robe {Archmagi}
rNeg   . . .     SustAb   .     (shield restricted)
rPois  .         Gourm    .     (helmet restricted)
rElec  .         Spirit   .     C - +0 cloak
rCorr  .         Warding  .     (gloves unavailable)
rMut   .         Stasis   .     (boots unavailable)
MR     .....                    (no amulet)
Stlth  ++........               v - ring of protection from fire
                                g - ring of protection from cold

@: not resistant to hostile enchantments, unstealthy
A: unfitting armour, tough skin 1
a: Renounce Religion


You were on level 5 of the Dungeon.
You worshipped Qazlal.
Qazlal was aware of your devotion.
You were not hungry.

You visited 2 branches of the dungeon, and saw 6 of its levels.

You collected 142 gold pieces.
You spent 70 gold pieces at shops.

Inventory:

Hand weapons
 a - a +6 giant spiked club (weapon)
 b - a +0 hunting sling
 j - a +2 quarterstaff of chaos
 y - a +0 mace
 A - a +2 flail of holy wrath
Missiles
 c - 3 throwing nets
 e - 2 arrows
 l - 47 sling bullets
 m - 40 bolts
 n - 48 stones
 q - 10 poisoned needles
 u - 2 large rocks
 w - 5 tomahawks (quivered)
Armour
 d - a +0 animal skin
 B - a +2 robe of the Archmagi (worn)
 C - a +0 cloak (worn)
Jewellery
 g - a ring of protection from cold (left hand)
 v - a ring of protection from fire (right hand)
Magical devices
 i - a wand of polymorph (5)
Scrolls
 k - a scroll of blinking {unknown}
 o - a scroll of enchant weapon {unknown}
 r - 2 scrolls of teleportation
 s - a scroll of fog
Potions
 z - a potion of confusion
Comestibles
 f - a meat ration
 h - 3 bread rations
 t - a royal jelly
 x - a rotting chunk of goblin flesh
 D - 3 chunks of orc flesh
 E - 3 chunks of sky beast flesh


   Skills:
 + Level 4.7 Fighting
 * Level 5.7 Maces & Flails
 - Level 2.0(3.1) Slings
 + Level 5.5(5.9) Throwing
 + Level 4.2 Dodging
 - Level 1.8 Stealth
 * Level 2.3 Invocations


You had 7 spell levels left.
You didn't know any spells.

Dungeon Overview and Level Annotations

Branches:
Dungeon (5/15)             Temple (1/1) D:4

Altars:
Ashenzari
Cheibriados
Dithmenos
Elyvilon
Fedhas
Gozag
Kikubaaqudgha
Nemelex Xobeh
Qazlal
Ru
Sif Muna
Trog
Vehumet
Xom
Yredelemnul

Shops:
D:4 [(


Innate Abilities, Weirdness & Mutations

You are too large for most types of armour.
You have tough skin (AC +1).


Message History

Something smites you!
You barely miss the goblin. The goblin hits you but does no damage.
The goblin hits you with a dagger.
* * * LOW HITPOINT WARNING * * *
Drink which item? (? for menu, Esc to quit)
You feel magically purged.
It was a potion of cancellation.
The goblin completely misses you.
The orc priest calls down the wrath of Beogh upon you.
Something smites you!
* * * LOW HITPOINT WARNING * * *
You barely miss the goblin. The goblin hits you with a dagger.
* * * LOW HITPOINT WARNING * * *
You barely miss the goblin. The goblin hits you but does no damage.
The orc priest mumbles some strange prayers to Beogh.
You feel troubled. The goblin completely misses you.
You barely miss the goblin. The goblin hits you with a dagger.
* * * LOW HITPOINT WARNING * * *
The orc priest invokes the aid of Beogh against you.
Something smites you!
You die...

(.(..o#####....
..g....'.........
#.........
#.o....###
#......# #+#+#
#......# #####
#.#.# ##.#####
#..)# ##.#.####(.#
#...#
####......@go.#
#...#
#.....###'###.#
##.## #.###.# #.#
#.# ♣♣.♣ #.#
#.###.###.# ♣.♣♣
#.# #.###_..'.##
♣♣.♣
#.###.###.###..#
♣.♣♣ #..)..# #.#
#..# ♣♣.♣♣
#.##).###+###..###
♣.♣.♣♣
#.###............#
♣....♣


You could see an orc priest and a goblin.

Vanquished Creatures
  An ice beast (D:5)
  A sky beast (D:5)
  An ogre (D:4)
  A centaur (D:4)
  A crimson imp (D:4)
  2 orc priests (D:5)
  Crazy Yiuf (D:5)
  4 worker ants
  An orc wizard (D:5)
  Ijyb (D:5)
  Jessica (D:5)
  An ogre zombie (D:5)
  A hound zombie (D:3)
  5 gnolls
  6 adders
  3 worms
  An adder skeleton (D:4)
  2 giant geckos
  2 oozes (D:2)
  9 orcs
  A ball python (D:1)
  11 bats
  A bat skeleton (D:3)
  4 giant cockroaches
  10 hobgoblins
  4 jackals (D:1)
  12 kobolds
  5 quokkas
  A giant gecko skeleton (D:3)
  4 giant newts
  9 goblins
  7 rats
114 creatures vanquished.

Notes
Turn   | Place    | Note
--------------------------------------------------------------
     0 | D:1      | Psiweapon, the Ogre Hunter, began the quest for the Orb.
     0 | D:1      | Reached XP level 1. HP: 22/22 MP: 1/1
   178 | D:1      | Reached XP level 2. HP: 15/29 MP: 2/2
   983 | D:2      | Reached skill level 5 in Throwing
   983 | D:2      | Reached XP level 3. HP: 17/36 MP: 3/3
  1354 | D:2      | Reached skill level 1 in Stealth
  1490 | D:2      | Found a shadowy altar of Dithmenos.
  1491 | D:2      | Found a blossoming altar of Fedhas.
  1950 | D:2      | Reached XP level 4. HP: 42/45 MP: 4/4
  2004 | D:2      | Reached skill level 1 in Maces & Flails
  2299 | D:2      | Found a bloodstained altar of Trog.
  2671 | D:3      | Reached XP level 5. HP: 41/53 MP: 5/5
  2848 | D:3      | Reached skill level 1 in Slings
  3328 | D:4      | Found Teut Sche's Antique Weapon Boutique.
  3336 | D:4      | Bought a runed giant spiked club for 47 gold pieces
  3435 | D:4      | Noticed an ogre
  3439 | D:4      | Killed an ogre
  3439 | D:4      | Reached XP level 6. HP: 61/61 MP: 6/6
  3486 | D:4      | Found Apeobluf's Antique Armour Shop.
  3493 | D:4      | Bought a glowing robe for 23 gold pieces
  3946 | D:4      | Found a staircase to the Ecumenical Temple.
  3963 | Temple   | Entered the Ecumenical Temple
  4045 | Temple   | Became a worshipper of Qazlal Stormbringer
  4084 | D:4      | Noticed a centaur
  4088 | D:4      | Killed a centaur
  4230 | D:4      | Reached XP level 7. HP: 67/67 MP: 8/8
  4395 | D:4      | Reached skill level 1 in Invocations
  4699 | D:5      | Entered Level 5 of the Dungeon
  4704 | D:5      | Noticed Ijyb
  4719 | D:5      | Killed Ijyb
  5045 | D:5      | Found a sparkling altar of Nemelex Xobeh.
  5045 | D:5      | Noticed Jessica
  5047 | D:5      | Killed Jessica
  5135 | D:5      | Noticed Crazy Yiuf
  5138 | D:5      | Killed Crazy Yiuf
  5178 | D:5      | Reached skill level 5 in Maces & Flails
  5186 | D:5      | Acquired Qazlal's first power
  5213 | D:5      | Found a sparkling altar of Nemelex Xobeh.
  5220 | D:5      | Reached XP level 8. HP: 53/79 MP: 10/10
  5275 | D:5      | Killed from afar by an orc priest

Action                   |  1- 3 |  4- 6 |  7- 9 || total
-------------------------+-------+-------+-------++-------
Melee: Club              |   132 |    23 |       ||   155
       Whip              |       |    30 |       ||    30
       Mace              |       |     5 |       ||     5
       Giant spiked club |       |    39 |    55 ||    94
       Flail             |       |     5 |       ||     5
 Fire: Hunting sling     |    28 |    71 |       ||    99
Throw: Large rock        |     6 |     2 |     8 ||    16
       Stone             |     6 |       |       ||     6
       Throwing net      |     1 |       |       ||     1
       Tomahawk          |       |     8 |    18 ||    26
  Use: Scroll            |     4 |     1 |     2 ||     7
       Potion            |       |     4 |     1 ||     5
 Stab: Held in net/web   |     2 |       |       ||     2
       Invisible         |       |     2 |       ||     2
       Sleeping          |       |     1 |       ||     1
  Eat: Chunk             |     3 |     6 |     3 ||    12
       Fruit             |     1 |     1 |     1 ||     3
